 Dungeon Crawl Stone Soup version 0.28-a0-732-g75e6d9beac (webtiles) character file.

Game seed: 11398659919478943821

104 Ijustatesigmund the Covert (level 4, -1/41 HPs)
             Began as a Gnoll Delver on Oct 29, 2021.
             Slain by an orc (17 damage)
             ... on level 3 of the Dungeon.
             The game lasted 00:05:33 (3816 turns).

Ijustatesigmund the Covert (Gnoll Delver)           Turns: 3816, Time: 00:05:34

Health: -1/41      AC: 10    Str: 11    XL:     4   Next: 80%
Magic:  5/5        EV:  6    Int: 11    God:
Gold:   162        SH:  0    Dex: 15    Spells: 5/5 levels left

rFire   . . .      SeeInvis .   a - +0 hand axe
rCold   . . .      Faith    .   (no shield)
rNeg    . . .      Spirit   .   b - +0 chain mail
rPois   .          Reflect  .   (no helmet)
rElec   .          Harm     .   q - +1 cloak
rCorr   .          Rampage  .   (no gloves)
Will    .....                   (no boots)
Stlth   +.........              (no amulet)
HPRegen 0.13/turn               (no ring)
MPRegen 0.09/turn               (no ring)

@: no status effects
A: fangs 1, strong nose, distributed training, agile 1
a: no special abilities


You were on level 3 of the Dungeon.
You visited 1 branch of the dungeon, and saw 5 of its levels.

You collected 162 gold pieces.

Inventory:

Hand Weapons
 a - a +0 hand axe (weapon)
Armour
 b - a +0 chain mail (worn)
 q - a +1 cloak (worn)
Jewellery
 h - an amulet of faith
Wands
 g - a wand of digging (3)
Scrolls
 c - a scroll of fog
 d - a scroll of magic mapping
 m - a scroll of silence
Potions
 e - 2 potions of curing
 f - a potion of haste
 i - a potion of mutation
 j - 3 potions of lignification


   Skills:
 + Level 6.6 Fighting
 + Level 1.2 Short Blades
 + Level 1.2 Long Blades
 + Level 4.7 Axes
 + Level 1.2 Maces & Flails
 + Level 1.2 Polearms
 + Level 1.2 Staves
 + Level 1.2 Slings
 + Level 1.2 Bows
 + Level 1.2 Crossbows
 + Level 1.2 Throwing
 + Level 1.2 Armour
 + Level 4.7 Dodging
 + Level 9.6 Stealth
 + Level 1.2 Shields
 + Level 1.2 Unarmed Combat
 + Level 1.2 Spellcasting
 + Level 1.0 Conjurations
 + Level 1.0 Hexes
 + Level 1.0 Summonings
 + Level 1.0 Necromancy
 + Level 1.0 Translocations
 + Level 1.0 Transmutations
 + Level 1.0 Fire Magic
 + Level 1.0 Ice Magic
 + Level 1.0 Air Magic
 + Level 1.0 Earth Magic
 + Level 1.0 Poison Magic
 + Level 1.3 Invocations
 + Level 1.2 Evocations


You had 5 spell levels left.
You didn't know any spells.
Your spell library contained the following spells:

 Spells                   Type           Power      Damage    Failure   Level
 Scorch                   Fire           4%         2d5       100%        2
 Slow                     Hex            2%         N/A       100%        2
 Confusing Touch          Hex            2%         N/A       100%        3
 Flame Wave               Conj/Fire      2%         3d3       100%        4
 Yara's Violent Unravell  Hex/Tmut       1%         3d3       100%        5
 Summon Cactus Giant      Summ           1%         N/A       100%        6


Dungeon Overview and Level Annotations

Branches:
Dungeon (5/15)
 Temple: D:4-7

Altars:

Shops:
D:2 (   D:4 !


Innate Abilities, Weirdness & Mutations

You have very sharp teeth.
Your uncanny sense of smell can sniff out nearby items.
Your experience applies equally to all skills.
You are agile. (Dex +2)


Message History

You start resting.
HP restored.
Drop what? 12/52 slots (_ for help) (? for menu, Esc to quit)
You start removing your armour.
You continue taking off your +0 leather armour. x4
You finish taking off your +0 leather armour.
You drop a +0 leather armour.
You start putting on your armour.
You continue putting on your +0 chain mail. x4
You finish putting on your +0 chain mail.
Done exploring.
Okay, then.
There is a stone staircase leading down here.
You climb downwards.
There is a stone staircase leading up, spattered with blood here.
No target in view!
No target in view!
No target in view!
No target in view!
No target in view!
Items here: )) [ †.
You open the door.
There is an open door here.
The orc shouts!
An orc is nearby!
You hit the orc but do no damage.
The orc hits you with a +2 falchion of electrocution.
You are electrocuted!
You hit the orc but do no damage. The orc hits you but does no damage.
You hit the orc. You bite the orc, but do no damage.
The orc is heavily wounded.
The orc barely misses you.
You hit the orc.
The orc is severely wounded.
The orc hits you with a +2 falchion of electrocution.
Your chain mail prevents you from hitting the orc.
The orc is severely wounded.
The orc hits you with a +2 falchion of electrocution!
You are electrocuted!
You die...

....'........# #..........#.#
#
#.###......#.#########.##..#.#
# #.#
########.#.......#.##..#.# #
#.# ######.#.......#.##..#.# #
#.# #....#.#.......#.##..#.# #
#.# #....#.........'.....<..
#.# #....+.#.......#.##..#.#
#.#
#....#.####...##.##..#.####
#.#
#....#.#.#@o..'#.#.#.#.#.#.
#.#
#.....#.#.#...#.#.#.#.#.#.#
#.#
#....#.#.#.....#.#.#.#.#.#.
#.#
#.....#.#.#...#.#<#.#.#.#.#
#.#
###....#.#.#.#.#.#[#.#.#.#.#.
#.#
#.........#.#(#.#.#.#.#.#.#.#
#.#
#####....#.#.#.#.#.#.#.#.#.#.
#.# #.....#.#.#.#.#.#.#.#.#.#
#.# ##.#.#.#.#.#.#.#.#.#.#.#.


You could see an orc.

Vanquished Creatures
  A bullfrog skeleton (D:5)
  An adder (D:3)
  2 worms
  2 dart slugs (D:1)
  3 orcs
  4 bats
  3 endoplasms
  A giant cockroach (D:2)
  A goblin (D:2)
  9 hobgoblins
  4 jackals (D:2)
  2 quokkas
  3 ball pythons
  A frilled lizard (D:1)
  10 kobolds
  2 rats
  A spectral hobgoblin (D:1)
50 creatures vanquished.

Vanquished Creatures (others)
  6 plants (D:4)
6 creatures vanquished.

Grand Total: 56 creatures vanquished

Notes
Turn   | Place    | Note
-------+----------+-------------------------------------------
     0 | D:5      | Reached skill level 9 in Stealth
     0 | D:5      | Ijustatesigmund the Gnoll Delver began the quest for the
                  | Orb.
     0 | D:5      | Reached XP level 1. HP: 23/23 MP: 1/1
    27 | D:5      | Reached XP level 2. HP: 20/29 MP: 2/2
    27 | D:5      | Reached XP level 3. HP: 24/35 MP: 3/3
   181 | D:5      | Noticed an ice beast
   234 | D:5      | Noticed a necrophage
   246 | D:4      | Found Umnog's Distillery.
   427 | D:3      | Reached skill level 1 in Invocations
   637 | D:3      | Noticed a kobold brigand
   959 | D:1      | Found a faded altar of an unknown god.
   980 | D:1      | Reached skill level 1 in Short Blades
   980 | D:1      | Reached skill level 1 in Long Blades
   980 | D:1      | Reached skill level 1 in Maces & Flails
   980 | D:1      | Reached skill level 1 in Polearms
   980 | D:1      | Reached skill level 1 in Staves
   980 | D:1      | Reached skill level 1 in Slings
   980 | D:1      | Reached skill level 1 in Bows
   980 | D:1      | Reached skill level 1 in Crossbows
   980 | D:1      | Reached skill level 1 in Throwing
   980 | D:1      | Reached skill level 1 in Armour
   980 | D:1      | Reached skill level 1 in Shields
   980 | D:1      | Reached skill level 1 in Unarmed Combat
   980 | D:1      | Reached skill level 1 in Spellcasting
   980 | D:1      | Reached skill level 1 in Evocations
  1143 | D:1      | Reached XP level 4. HP: 38/40 MP: 5/5
  1831 | D:1      | Gained mutation: You are agile. (Dex +2) [potion of
                  | mutation]
  2035 | D:2      | Found Herphyro's Antique Weapon Shop.
  2624 | D:2      | Reached skill level 1 in Conjurations
  2624 | D:2      | Reached skill level 1 in Hexes
  2624 | D:2      | Reached skill level 1 in Summonings
  2624 | D:2      | Reached skill level 1 in Necromancy
  2624 | D:2      | Reached skill level 1 in Translocations
  2624 | D:2      | Reached skill level 1 in Transmutations
  2624 | D:2      | Reached skill level 1 in Fire Magic
  2624 | D:2      | Reached skill level 1 in Ice Magic
  2624 | D:2      | Reached skill level 1 in Air Magic
  2624 | D:2      | Reached skill level 1 in Earth Magic
  2624 | D:2      | Reached skill level 1 in Poison Magic
  3816 | D:3      | Slain by an orc

Illustrated notes

Levels and vault maps discovered:
D:1:      dpeg_arrival_rhombus, layout_rooms,
          dreamdust_ecumenical_altar_drowned_temple, minmay_misc_feat_rugged
D:2:      layout_basic, serial_shops, nicolae_square_shop
D:3:      minmay_goblin_kobold_castle, layout_basic, lightli_corner_chamber
D:4:      layout_loops_ring, minmay_temple_entry_enclosed_plants, serial_shops,
          shop_fountains, nicolae_shop_competitors_out_of_business,
          lemuel_old_faithful
D:5:      layout_cave_pools, minmay_hedge_maze, chequers_serial_rivers_marsh,
          hangedman_abyss_or_decor_passed

Skill      XL: |  1  2  3  4 |
---------------+-------------+-----
Stealth        | |  9.6
Invocations    | 1 |  1.3
Short Blades   | 1 |  1.2
Long Blades    | 1 |  1.2
Maces & Flails | 1 |  1.2
Polearms       | 1 |  1.2
Staves         | 1 |  1.2
Slings         | 1 |  1.2
Bows           | 1 |  1.2
Crossbows      | 1 |  1.2
Throwing       | 1 |  1.2
Armour         | 1 |  1.2
Shields        | 1 |  1.2
Unarmed Combat | 1 |  1.2
Spellcasting   | 1 |  1.2
Evocations     | 1 |  1.2
Conjurations   | 1 |  1.0
Hexes          | 1 |  1.0
Summonings     | 1 |  1.0
Necromancy     | 1 |  1.0
Translocations | 1 |  1.0
Transmutations | 1 |  1.0
Fire Magic     | 1 |  1.0
Ice Magic      | 1 |  1.0
Air Magic      | 1 |  1.0
Earth Magic    | 1 |  1.0
Poison Magic   | 1 |  1.0
Fighting       | |  6.6
Axes           | |  4.7
Dodging        | |  4.7

Action                   |  1- 3 |  4- 6 || total
-------------------------+-------+-------++-------
Melee: Hand axe          |    51 |   163 ||   214
       Bite              |     3 |    20 ||    23
  Use: Scroll            |     1 |     8 ||     9
       Potion            |     1 |     2 ||     3
 Stab: Sleeping          |     5 |    16 ||    21
Armor: Leather armour    |     8 |    37 ||    45
       Chain mail        |       |     1 ||     1
Dodge: Dodged            |    38 |    98 ||   136

Table legend: (Time is in decaauts)
 A = Elapsed time spent in this place.
 B = Non-inter-level travel time spent in this place.
 C = Inter-level travel time spent in this place.
 D = Time resting spent in this place.
 E = Time spent auto-exploring this place.
 F = Levels seen in this place.
 G = Mean time per level.
                   A        B        C        D        E       F      G
               +--------+--------+--------+--------+--------+-----+--------+
         Total |   3827 |   3799 |     28 |   1046 |   1951 |   5 |  765.4 |
       Dungeon |   3827 |   3799 |     28 |   1046 |   1951 |   5 |  765.4 |
               +--------+--------+--------+--------+--------+-----+--------+

Top non-repeatable levels by time:
     D:2: 1720 daAuts
     D:1: 965 daAuts
     D:3: 817 daAuts
     D:5: 247 daAuts
     D:4: 76 daAuts
